AoeStats
← EL LEON

Black Forest

510172996Analyzed
2v2 RM · 3d ago on Sep 29, 2026· 56m 25s· 4 players
Game mode
Random Map
Map size
Medium (4 player)
Population
200
Speed
Normal
Resources
Standard
Victory
Conquest
Starting age
Dark Age
Ending age
Imperial Age
RankedLock teamsTeams togetherTeam positionsShared explorationLock speedFull tech treeHidden civsTurbo modeCheats
Victory
Defeat
🇦🇷 Saracens · Argentina
1102
+14
🇺🇸 Varangians · United States
1036
+16
🇨🇿 Britons · Czechia
1065
-16
🇨🇿 Magyars · Czechia
1029
-14
Lovatý čávo
0:38 Loom
14:52 Feudal Age
16:03 Horse Collar
16:09 Double-Bit Axe
16:15 Gold Mining
16:15 Stone Mining
18:46 Castle Age
19:34 Heavy Plow
19:48 Bow Saw
28:00 Gold Shaft Mining
31:36 Wheelbarrow
33:44 Imperial Age
33:28 Hand Cart
33:25 Corvinian Army
33:53 Padded Archer Armor
33:43 Fletching
33:59 Scale Barding Armor
35:20 Parthian Tactics
35:01 Husbandry
35:11 Bloodlines
36:07 Heavy Cavalry Archer
38:44 Chain Barding Armor
38:20 Bodkin Arrow
39:38 Leather Archer Armor
42:49 Chemistry
42:15 Ballistics
yoselibero
0:31 Loom
11:00 Feudal Age
11:38 Double-Bit Axe
11:48 Horse Collar
16:04 Horse Collar
16:20 Fletching
16:22 Double-Bit Axe
19:01 Castle Age
18:07 Stone Mining
20:46 Gold Mining
23:56 Bodkin Arrow
24:12 Forging
27:03 Bow Saw
28:27 Wheelbarrow
29:57 Ballistics
32:41 Imperial Age
31:09 Padded Archer Armor
31:36 Elite Skirmisher
32:50 Heavy Plow
34:12 Conscription
33:55 Murder Holes
34:39 Gold Shaft Mining
34:45 Bracer
35:59 Two-Man Saw
36:19 Chemistry
36:09 Hand Cart
36:02 Caravan
36:34 Leather Archer Armor
37:58 Ring Archer Armor
38:27 Town Watch
38:59 Warwolf
38:59 Heated Shot
38:49 Treadmill Crane
40:42 Iron Casting
40:10 Town Patrol
40:40 Yeomen
41:07 Elite Longbowman
41:14 Crossbowman
43:17 Arbalester
Varryn87
0:33 Loom
14:22 Feudal Age
16:08 Double-Bit Axe
18:56 Castle Age
18:58 Bloodlines
19:06 Forging
18:51 Stone Mining
18:45 Fishing Lines
20:48 Gillnets
29:09 Imperial Age
27:49 Bow Saw
27:39 Horse Collar
28:46 Caravan
30:19 Husbandry
30:42 Conscription
31:13 Wheelbarrow
31:30 Iron Casting
31:46 Town Watch
32:18 Hand Cart
33:02 Heavy Plow
32:38 Elite Jarl
34:37 Blast Furnace
35:47 Gothikon
38:00 Crop Rotation
38:02 Scale Barding Armor
38:40 Scale Mail Armor
38:36 Gold Mining
40:31 Chain Barding Armor
39:36 Elite Varangian Guard
40:59 Squires
40:45 Arson
41:20 Chain Mail Armor
42:02 Plate Barding Armor
46:22 Plate Mail Armor
51:32 Fervor
EL LEON
0:38 Loom
14:24 Feudal Age
15:28 Double-Bit Axe
18:16 Castle Age
20:14 Bow Saw
19:50 Horse Collar
20:37 Heavy Plow
24:41 Caravan
25:27 Wheelbarrow
28:16 Gold Mining
28:17 Stone Mining
32:17 Imperial Age
30:50 Gold Shaft Mining
34:24 Hand Cart
35:42 Fortified Wall
36:26 Forging
36:22 Scale Barding Armor
37:47 Chemistry
37:08 Ballistics
36:44 Murder Holes
38:41 Counterweights
37:55 Onager
39:22 Fletching
39:33 Padded Archer Armor
40:49 Bodkin Arrow
41:10 Leather Archer Armor
41:59 Elite Skirmisher
44:29 Onager
45:52 Siege Onager
46:53 Thumb Ring
47:26 Iron Casting
46:51 Bracer
48:46 Ring Archer Armor
48:34 Light Cavalry
49:25 Bloodlines
49:15 Husbandry
51:16 Chain Barding Armor
52:21 Blast Furnace
54:33 Hussar
55:50 Plate Barding Armor
Connection lost

Rejoining the realm…

Still unreachable

The connection could not be restored.

Session expired

The server has moved on; the page needs a fresh start.